 Dungeon Crawl Stone Soup version 0.24.1-8-ga250c9d538 (webtiles) character file.

Game seed: 4656599712613467578, levelgen mode: deterministic

55 pseudo86 the Skirmisher (level 3, -6/24 HPs)
             Began as a Gargoyle Fighter on May 9, 2020.
             Killed by divine providence
             ... invoked by an orc priest
              (14 damage)
             ... on level 2 of the Dungeon.
             The game lasted 00:07:14 (1105 turns).

pseudo86 the Skirmisher (Gargoyle Fighter)          Turns: 1105, Time: 00:07:18

Health: -6/24      AC: 12    Str: 25    XL:     3   Next: 93%
Magic:  3/3        EV:  7    Int:  8    God:
Gold:   72         SH:  9    Dex:  9    Spells: 2/2 levels left

rFire    . . .     SeeInvis .   a - +0 flail
rCold    . . .     Gourm    .   c - +0 shield
rNeg     + . .     Faith    .   b - +0 scale mail
rPois    ∞         Spirit   .   j - +0 helmet
rElec    +         Reflect  .   p - +0 cloak
rCorr    .         Harm     .   (no gloves)
MR       .....                  (no boots)
Stlth    ..........             (no amulet)
HPRegen  0.08/turn              (no ring)
MPRegen  0.08/turn              (no ring)

@: mighty
A: negative energy resistance 1, electricity resistance, unbreathing,
petrification resistance, rot immunity, AC +3
a: no special abilities


You were on level 2 of the Dungeon.
You were not hungry.

You visited 1 branch of the dungeon, and saw 2 of its levels.

You collected 72 gold pieces.

Inventory:

Hand Weapons
 a - a +0 flail (weapon)
Armour
 b - a +0 scale mail (worn)
 c - a +0 shield (worn)
 j - a +0 helmet (worn)
 p - a +0 cloak (worn)
Scrolls
 i - 2 scrolls of identify {unknown}
 k - a scroll of enchant weapon {unknown}
 l - a scroll of immolation {unknown}
 m - a scroll of amnesia {unknown}
 o - a scroll of fog {unknown}
Potions
 e - a potion of flight {unknown}
 h - a potion of lignification {unknown}
 n - a potion of haste {unknown}
Comestibles
 f - 4 rations
 g - a chunk of flesh


   Skills:
 + Level 3.8 Fighting
 + Level 2.6 Maces & Flails
 + Level 3.8 Armour
 + Level 3.8 Shields


You had 2 spell levels left.
You didn't know any spells.
Your spell library was empty.

Dungeon Overview and Level Annotations

Branches:
Dungeon (2/15)

Altars:
Fedhas


Innate Abilities, Weirdness & Mutations

You are resistant to torment.
Your stone body is resilient. (AC +3)
You are immune to poison.
You resist negative energy. (rN+)
You are resistant to electric shocks. (rElec)
You can survive without breathing.
You are immune to petrification.
You are immune to rotting.


Message History

You kill the orc!
The orc hits you but does no damage. You block the orc's attack.
The orc priest hits you but does no damage.
You barely miss the orc priest. You block the orc's attack.
The orc hits you but does no damage. You block the orc priest's attack.
The orc hits you but does no damage.
You closely miss the orc priest. You block the orc's attack.
The orc priest barely misses you. The orc hits you but does no damage.
The orc completely misses you.
The orc priest hits you but does no damage.
Your shield and scale mail prevent you from hitting the orc priest.
The orc hits you but does no damage. The orc hits you.
The orc priest hits you but does no damage.
You hit the orc priest.
The orc priest is lightly wounded.
The orc hits you but does no damage. The orc barely misses you.
The orc priest mumbles some strange prayers to Beogh against you.
Beogh smites you!
Ouch! That really hurt!
You die...

................###.#..#.PPP.####
.................................
..............#.#####..###.######
.........[....#.#####..###.....♣#
...#.#.....................##♣♣≈≈
##.#.......................##.≈≈.
##.#.....##................###♣≈.
...#.....##.......PP...........≈#
##.#.....##....o@o≈≈P......##...#
##.#.....##....o)P≈≈P#####.######
##.#.#..#.###.##.≈≈≈♣# #.# ##.#
............# #.# .....###....#
### .... #........ ... #.........
.. #.........# . #.........#


You could see an orc priest and 2 orcs.

Vanquished Creatures
  An adder (D:2)
  2 dart slugs (D:1)
  A leopard gecko (D:1)
  An orc (D:2)
  A giant cockroach (D:2)
  A goblin (D:2)
  4 hobgoblins
  9 jackals
  3 bats
  6 frilled lizards
  4 kobolds
  5 rats
38 creatures vanquished.

Notes
Turn   | Place    | Note
-------+----------+-------------------------------------------
     0 | D:1      | pseudo86 the Gargoyle Fighter began the quest for the Orb.
     0 | D:1      | Reached XP level 1. HP: 14/14 MP: 1/1
    97 | D:1      | Reached XP level 2. HP: 13/19 MP: 2/2
   663 | D:2      | Found a blossoming altar of Fedhas.
   669 | D:2      | Reached XP level 3. HP: 23/23 MP: 3/3
  1105 | D:2      | Killed from afar by an orc priest

Levels and vault maps discovered:
D:1:      saegor_arrival_simple_c, layout_basic, kennysheep_minor_cross
D:2:      layout_basic, serial_bayou, serial_bayou_pond_c, serial_bayou_pond_b,
          serial_bayou_pond_c, serial_bayou_pond_d, serial_bayou_lagoon_a,
          serial_bayou_pond_d, first_ration, fedhas_altar_3, uniq_sigmund

Action                   || total
-------------------------++-------
Melee: Flail             ||   133
  Use: Potion            ||     1
  Eat: Chunk             ||     1
Armor: Scale mail        ||    70
Dodge: Dodged            ||    57
Block: Shield            ||    68
